Map: Ruins of Seras

Players

Curiosity - Winner!

  • Race: Terran Terran
  • League: Platinum

Deagor

  • Race: Zerg Zerg
  • League: Platinum

VOD

Have the link to the VOD?

Description

Time

  • Played on: Dec. 18, 2015, 8:19 p.m.
  • Length: 24:19
Show
View Real Time Build Order
Export as new Build Order

Curiosity Terran - Winner!

Build Orders: Bio Tank, Hellion Banshee 

Get SALT Encoding   

  12  0:01  SCV  
  13  0:13  SCV  
  14  0:19  Supply Depot  
  14  0:25  SCV  
  15  0:41  SCV  
  15  0:42  Barracks  
  16  0:51  Refinery  
  16  0:53  SCV  
  17  1:05  SCV  
  18  1:17  SCV  
  19  1:29  Orbital Command  
  19  1:30  Marine  
  19  1:31  Supply Depot  
  20  1:55  SCV  
  20  1:57  Factory  
  21  2:02  Refinery  
  21  2:07  SCV  
  22  2:10  Barracks Reactor  
  22  2:19  SCV  
  23  2:30  Command Center  
  23  2:31  SCV  
  24  2:43  SCV, Starport  
  25  2:53  Barracks Tech Lab, Hellion  
  25  2:55  SCV  
  28  2:59  Hellion  
  30  3:07  SCV  
  30  3:08  Supply Depot  
  31  3:13  Supply Depot  
  31  3:30  SCV  
  32  3:38  Banshee  
  35  3:42  SCV, Hellion  
  35  3:43  Hellion  
  40  3:48  Barracks Tech Lab  
  40  3:54  SCV  
  40  3:55  Orbital Command  
  41  4:04  Liberator  
  41  4:06  SCV  
  41  4:08  Hellion x2  
  46  4:18  SCV  
  46  4:21  Refinery  
  50  4:34  Hellion x2  
  50  4:35  Concussive Shells, Marauder  
  50  4:36  SCV  
  57  4:44  SCV  
  58  4:46  Supply Depot  
  58  4:48  SCV  
  58  4:49  Supply Depot  
  54  5:14  Banshee, Hellion x2  
  56  5:19  SCV x2  
  61  5:23  Command Center  
  56  5:31  SCV  
  51  5:55  Hellion x2  
  51  5:56  Marauder  
  57  5:57  Banshee  
  57  5:58  SCV  
  57  6:01  SCV, Refinery  
  62  6:08  Factory, Barracks x2  
  62  6:10  SCV  
  63  6:11  Barracks  
  63  6:13  SCV  
  64  6:22  SCV  
  64  6:25  SCV  
  62  6:33  Stimpack, Marine  
  62  6:34  SCV  
  62  6:35  Hellion x2  
  62  6:37  SCV  
  70  6:41  Supply Depot  
  70  6:42  Orbital Command  
  72  6:49  SCV  
  73  6:57  Barracks Reactor x2  
  73  6:58  Factory Tech Lab  
  73  6:59  Barracks Reactor  
  70  7:04  SCV  
  70  7:07  Engineering Bay  
  71  7:10  Engineering Bay  
  71  7:11  Supply Depot  
  71  7:12  Supply Depot  
  71  7:14  Siege Tank, Medivac  
  76  7:16  Orbital Command, Medivac  
  76  7:19  SCV  
  79  7:23  SCV  
  80  7:35  Armory, Siege Tank, SCV, Supply Depot  
  84  7:39  Terran Infantry Weapons Level 1, Terran Infantry Armor Level 1  
  84  7:43  SCV x2  
  86  7:47  SCV, Refinery  
  86  7:48  Marine  
  86  7:49  Marine  
  86  7:50  Refinery  
  89  7:55  SCV  
  89  7:56  Siege Tank  
  89  7:57  Marine x3  
  96  7:59  SCV  
  96  8:03  SCV  
  98  8:06  Marine x2  
  98  8:07  SCV  
  98  8:08  Medivac  
  98  8:11  SCV  
  104  8:15  SCV, Marine  
  104  8:16  Marine  
  104  8:17  Marine  
  104  8:18  Marine  
  104  8:19  Marine  
  111  8:20  SCV  
  111  8:22  Terran Vehicle Weapons Level 1  
  111  8:23  Marine  
  111  8:24  Marine  
  114  8:27  SCV  
  114  8:30  Siege Tank  
  114  8:32  SCV  
  114  8:33  Marine x2  
  120  8:34  Marine  
  120  8:35  Marine  
  120  8:36  Siege Tank  
  125  8:44  SCV x3, Medivac, Marine x2  
  125  8:46  Supply Depot  
  125  8:48  Supply Depot  
  132  8:51  Marine x3  
  132  8:52  Marine  
  132  8:53  Marine  
  137  8:57  SCV x2, Liberator x2  
  137  9:09  Marine x4  
  128  9:10  Supply Depot  
  128  9:12  Siege Tank x2  
  141  9:17  Marine x3  
  139  9:27  Marine x3  
  122  9:35  Marine x2  
  122  9:36  Marauder, Marine  
  117  9:45  Marine x3  
  114  9:47  SCV x2  
  116  9:53  Marine x3  
  116  9:58  Marauder  
  121  10:00  Sensor Tower  
  121  10:01  Medivac  
  121  10:02  Marine  
  121  10:03  Marine x2  
  126  10:11  SCV x2, Marine x3  
  131  10:15  Missile Turret  
  131  10:19  Marauder  
  131  10:20  Marine x3  
  136  10:22  Siege Tank x2  
  136  10:23  SCV, Medivac  
  136  10:25  SCV  
  136  10:27  Terran Infantry Armor Level 2  
  136  10:28  Terran Infantry Weapons Level 2  
  146  10:29  Marine x3  
  146  10:31  Terran Vehicle Weapons Level 2  
  149  10:37  Missile Turret  
  149  10:38  Marine x3  
  149  10:40  Marine  
  149  10:41  Combat Shields  
  153  10:47  Marine x3  
  153  10:49  Medivac  
  158  10:50  SCV x2  
  158  10:53  Supply Depot, Medivac  
  158  10:54  Supply Depot, Siege Tank  
  165  10:58  Command Center  
  165  11:14  Marine x5  
  165  11:15  Siege Tank, Marine x2  
  165  11:16  SCV  
  165  11:17  Supply Depot  
  172  11:26  Siege Tank, Medivac x2  
  172  11:27  SCV  
  172  11:28  SCV  
  181  11:38  Marine x6  
  181  11:39  Marauder  
  189  11:51  SCV, Siege Tank  
  180  11:56  Medivac  
  167  12:03  Liberator  
  157  12:08  Liberator  
  157  12:15  Marine x3  
  156  12:16  Marauder, Marine  
  156  12:17  Marine  
  156  12:18  Siege Tank, Marine  
  156  12:21  SCV x2  
  171  12:23  Siege Tank  
  177  12:30  Command Center  
  177  12:32  Command Center  
  177  12:33  SCV, Marine x4  
  177  12:35  Marine x2  
  184  12:37  Marauder  
  186  12:46  Terran Infantry Weapons Level 3, Terran Infantry Armor Level 3  
  186  12:51  Siege Tank, Marine x4  
  170  12:53  Marine x2  
  170  12:55  Siege Tank  
  178  13:02  Marine  
  178  13:03  Medivac  
  181  13:08  Marine, Medivac  
  181  13:09  Marine x3  
  181  13:11  Marine x2  
  189  13:18  SCV  
  189  13:19  Marine  
  190  13:23  Siege Tank  
  190  13:26  Planetary Fortress, Marine x2  
  196  13:27  Marine x2  
  196  13:29  Marine x2  
  200  13:34  Refinery  
  130  14:29  Marine x7  
  130  14:31  Siege Tank  
  142  14:34  Siege Tank  
  142  14:35  SCV  
  142  14:36  SCV x2, Medivac x2  
  142  14:38  Terran Vehicle Weapons Level 3  
  150  14:39  SCV  
  150  14:44  Barracks  
  152  14:46  Marine  
  152  14:47  Marine  
  152  14:48  SCV, Barracks x2  
  152  14:49  Planetary Fortress, Liberator x2  
  152  14:50  Barracks  
  152  14:51  Barracks, Orbital Command  
  154  14:53  SCV  
  155  15:02  Refinery  
  155  15:05  SCV  
  155  15:06  SCV x2  
  164  15:17  Refinery  
  164  15:18  Marine  
  164  15:19  Marine x6  
  171  15:21  Siege Tank  
  167  15:36  Marine x2  
  167  15:37  Marine x2  
  171  15:44  Command Center  
  171  15:49  Barracks Tech Lab x2  
  170  15:50  Barracks Reactor x2  
  170  15:51  Barracks Tech Lab  
  170  15:54  Siege Tank x2  
  173  16:31  Marine x2  
  173  16:32  Marine x7  
  181  16:33  Marine, Marauder x4  
  181  16:34  Siege Tank x2  
  169  16:49  Marine x4  
  169  16:51  Marine x3  
  169  16:52  Marine x3  
  183  16:54  Marauder x4  
  187  17:07  Marine  
  187  17:15  Marauder, Marine x3  
  172  17:16  Marine x4, Marauder x3  
  171  17:23  Marine x2  
  171  17:25  Marine  
  174  17:33  Marine x4  
  174  17:34  Marine x3  
  185  17:37  Marauder x2  
  185  17:38  Marauder x2  
  185  17:41  Marine x2  
  185  17:42  Marine  
  192  17:49  Siege Tank  
  192  17:50  Siege Tank  
  192  17:51  Marine x2  
  198  17:57  Refinery  
  200  17:58  Refinery  
  200  18:02  Refinery  
  200  18:05  Planetary Fortress  
  200  18:11  Refinery  
  200  18:19  Factory  
  198  18:41  Siege Tank  
  198  19:07  Marine x2  
  200  19:26  Command Center  
  134  19:51  Marauder x2, Marine x5  
  134  19:52  Marine x3  
  141  19:54  Factory Tech Lab  
  141  19:55  Siege Tank x2  
  141  19:57  Medivac x2  
  150  20:10  Liberator x2  
  150  20:19  Marauder x2, Marine x3  
  150  20:20  Marauder  
  158  20:22  Thor  
  158  20:27  Thor x2  
  172  20:43  Terran Vehicle And Ship Armor Level 1, SCV  
  172  20:44  SCV  
  172  20:49  Planetary Fortress  
  174  20:52  Refinery  
  174  20:54  Refinery  
  174  20:57  Marauder x2, Marine x5  
  174  20:58  Marauder x2, Marine x5  
  192  21:05  Thor  
  198  21:15  Marine x2  
  200  21:20  Orbital Command  
  161  21:33  Marauder x2, Marine x4  
  161  21:34  Marauder x2  
  161  21:37  Marine x3  
  140  21:49  Marine x3  
  140  21:51  Marine x3  
  140  21:52  Marine  
  136  21:54  Marine  
  136  21:55  Marauder x4, Marine x2  
  147  22:06  Marine x2  
  147  22:07  Marine  
  150  22:08  Marine  
  150  22:09  Marine  
  150  22:10  Marine x2  
  150  22:12  Marine x2  
  150  22:13  Marine  
  150  22:14  Thor x2  
  169  22:16  Marauder x3  
  169  22:17  Marauder  
  177  22:24  Marine x2  
  179  22:31  Command Center  
  179  22:34  Marine x2  
  179  22:36  Marine x6  
  187  22:37  Marauder  
  187  22:38  Marauder x3  
  195  22:58  Supply Depot  
  195  22:59  Supply Depot  
  195  23:19  Siege Tank  
  200  23:20  Marine, Marauder  
  200  23:21  Supply Depot, Marauder  
  200  23:38  Marine  
  200  23:40  Marine x3  
  200  23:41  Marine x2  
  200  23:42  Marine x2  
  200  23:43  Marauder x2, Marine  
  200  23:44  Siege Tank  
  180  23:51  Marine  
  180  23:52  Marauder x2  
  180  23:55  SCV x3  
  191  23:56  Marine  
  191  23:58  Marine x3  
  191  23:59  Marine x2  
  191  24:00  Marine x3  
  200  24:07  SCV  
Show
View Real Time Build Order
Export as new Build Order

Deagor Zerg 

Build Orders: Hatch First 

Get SALT Encoding   

  12  0:01  Drone  
  13  0:14  Drone  
  13  0:21  Overlord  
  14  0:40  Drone x3  
  17  0:55  Hatchery  
  16  0:59  Drone  
  16  1:02  Drone  
  18  1:05  Extractor  
  17  1:18  Spawning Pool  
  16  1:31  Drone  
  16  1:32  Drone  
  18  1:34  Drone  
  19  1:54  Drone  
  19  1:56  Overlord  
  20  2:05  Queen  
  20  2:07  Queen, Zergling x2  
  25  2:10  Zergling x2  
  26  2:18  Drone x2  
  26  2:22  Metabolic Boost  
  28  2:38  Drone x3  
  28  2:40  Drone  
  32  2:45  Queen  
  32  2:50  Overlord  
  34  2:56  Drone  
  35  3:08  Queen  
  35  3:10  Drone x2  
  35  3:12  Drone  
  40  3:13  Overlord  
  40  3:24  Drone  
  40  3:25  Drone x4  
  44  3:31  Drone  
  45  3:34  Overlord  
  45  3:36  Drone  
  46  3:43  Zergling x2  
  46  3:47  Baneling Nest  
  46  3:52  Zergling x2  
  46  3:53  Zergling x2  
  48  3:58  Drone x3  
  48  3:59  Drone x2  
  48  4:00  Drone x2  
  55  4:05  Extractor  
  55  4:08  Extractor  
  53  4:14  Roach Warren  
  52  4:23  Zergling x2  
  52  4:24  Zergling x6  
  54  4:32  Drone, Zergling x2  
  54  4:33  Drone x3  
  59  4:42  Evolution Chamber, Extractor  
  59  4:43  Evolution Chamber, Zergling x2  
  59  4:44  Zergling x4  
  59  4:57  Overlord x2  
  59  5:03  Zergling x4  
  53  5:16  Lair  
  53  5:19  Zerg Missile Weapons Level 1  
  53  5:20  Zerg Ground Armor Level 1  
  53  5:25  Hatchery  
  52  5:35  Zergling x2  
  52  5:36  Roach x3  
  52  5:37  Roach x3  
  61  5:53  Roach x3  
  61  5:54  Queen  
  67  6:00  Drone x2  
  69  6:05  Roach  
  69  6:07  Ravager x4  
  75  6:13  Overlord  
  75  6:14  Centrifical Hooks  
  75  6:20  Baneling x2  
  75  6:32  Roach x4  
  83  6:37  Drone  
  83  6:38  Drone x5  
  89  6:40  Drone  
  90  6:49  Overlord x2  
  90  6:50  Overlord  
  90  6:54  Glial Reconstitution  
  90  6:56  Extractor  
  90  6:57  Drone  
  90  6:58  Drone, Extractor  
  90  7:13  Spore Crawler  
  90  7:14  Hatchery  
  90  7:15  Spore Crawler  
  87  7:16  Spore Crawler, Drone  
  87  7:17  Drone x7  
  87  7:22  Zergling x6  
  97  7:32  Zerg Missile Weapons Level 2  
  97  7:38  Zerg Ground Armor Level 2  
  97  7:40  Drone x2  
  99  7:53  Roach  
  99  7:54  Overlord, Roach x2  
  99  7:55  Overlord  
  105  8:01  Drone  
  106  8:09  Overlord  
  106  8:15  Hatchery  
  105  8:26  Roach x8  
  121  8:34  Infestation Pit  
  121  8:35  Queen  
  121  8:45  Ravager x4  
  121  8:46  Ravager x2  
  127  8:49  Roach  
  127  8:50  Roach x3  
  127  8:52  Overlord  
  133  9:07  Roach  
  135  9:12  Roach x3  
  135  9:13  Roach  
  122  9:36  Roach  
  122  9:37  Roach x15  
  127  9:52  Hive  
  127  10:08  Drone  
  127  10:09  Drone x12  
  127  10:10  Roach x2  
  144  10:30  Extractor  
  144  10:35  Extractor  
  142  10:38  Roach x4  
  142  10:39  Overlord x3  
  142  10:40  Overlord  
  150  11:04  Overlord x2  
  150  11:05  Overlord x2  
  150  11:06  Zergling x16  
  150  11:07  Zergling x10  
  163  11:22  Roach  
  163  11:23  Roach x8  
  173  11:28  Roach x2  
  173  11:29  Zerg Missile Weapons Level 3  
  173  11:30  Zerg Ground Armor Level 3  
  177  11:36  Ultralisk Cavern  
  176  11:44  Baneling x5  
  176  11:45  Baneling x3  
  102  12:13  Roach  
  102  12:14  Roach x14  
  102  12:15  Roach x5  
  118  12:51  Roach  
  118  12:52  Zergling x24  
  130  13:00  Queen  
  132  13:06  Ravager x4  
  132  13:07  Overlord, Ravager  
  132  13:08  Overlord x2  
  132  13:09  Roach  
  132  13:10  Roach x5  
  149  13:15  Baneling x5  
  149  13:16  Baneling x3  
  149  13:21  Ultralisk x3  
  149  13:24  Chitinous Plating  
  167  13:28  Queen  
  169  13:46  Queen  
  171  13:50  Ultralisk x2  
  180  14:09  Roach x4  
  185  14:10  Roach x7  
  168  14:23  Ultralisk  
  166  14:45  Adrenal Glands  
  166  14:50  Zerg Melee Weapons Level 1  
  166  14:53  Ultralisk  
  166  14:54  Ultralisk x2  
  184  15:04  Zergling x2  
  184  15:05  Zergling x18  
  194  15:18  Roach x2  
  194  15:21  Overlord x3  
  194  15:40  Ultralisk  
  194  15:41  Ultralisk  
  196  15:57  Roach  
  196  15:58  Roach  
  200  16:22  Hatchery  
  200  16:23  Hatchery  
  176  16:44  Ultralisk x3  
  176  16:45  Ultralisk x2  
  176  16:47  Roach x4  
  192  16:49  Ravager  
  162  17:20  Roach  
  162  17:21  Ultralisk, Roach x9  
  154  17:27  Roach x3  
  160  17:31  Ravager x4  
  160  17:32  Ravager  
  165  17:47  Roach  
  165  17:48  Roach x5  
  177  17:59  Zerg Melee Weapons Level 2  
  177  18:11  Extractor  
  177  18:12  Extractor  
  175  18:14  Spine Crawler x2  
  175  18:16  Spine Crawler  
  175  18:17  Spine Crawler  
  175  18:18  Spine Crawler  
  175  18:19  Roach x2  
  174  18:32  Roach  
  176  18:40  Ravager x3  
  176  18:41  Ravager x3  
  176  18:51  Drone x5  
  176  18:52  Drone  
  182  19:01  Roach x9  
  143  19:51  Roach x5  
  150  19:59  Ultralisk, Roach x3  
  162  20:01  Ultralisk x3  
  176  20:18  Zergling x2  
  176  20:19  Zergling x22  
  182  20:42  Ultralisk  
  187  20:45  Drone  
  187  20:46  Drone  
  188  21:06  Roach x6  
  153  21:33  Roach  
  153  21:34  Ultralisk x2  
  147  21:51  Zergling x6  
  147  21:52  Zergling x14  
  121  22:20  Roach x8  
  135  22:29  Overseer  
  135  22:35  Spore Crawler  
  134  22:56  Roach x2  
  138  23:06  Hatchery, Ravager  
  138  23:07  Hatchery, Ravager x6  
  63  23:49  Zergling x12  
  63  23:50  Zergling x26  
Tags
 
Add a new tag
Caveats
  • Supply blocks, unpowered buildings, or Contaminate may cause inaccurate times.
  • Supply counts are checked every 10 seconds.